[Event "10th Cherry Blossom Classic 2023"]
[Site "Dulles"]
[Date "2023.05.30"]
[Round "9.12"]
[White "Plotkin, Mark"]
[Black "Altman, Joshua"]
[Result "1-0"]
[ECO "C11"]
[WhiteElo "2341"]
[BlackElo "2120"]
[Annotator "TA"]
[PlyCount "134"]
[EventDate "2023.05.24"]
[EventType "swiss"]
[EventCountry "USA"]
[SourceTitle "playchess.com"]
[Source "ChessBase"]
[SourceQuality "1"]
[TimeControl "5400+30"]

1. d4 Nf6 2. Nc3 e6 3. e4 d5 4. e5 Nfd7 5. f4 c5 6. Nf3 Nc6 7. Be3 a6 8. a3 b5 9. Qd2 Qa5 {[%emt 0:00:54] outshines the older 9...Qb6. C11: French: Classical System: 4 e5 and 4 Bg5 dxe4.} 10. Be2 b4 11. Nb1 Rb8 {[%emt 0:13:45] [#] The position is equal.} 12. O-O $146 ({Predecessor:} 12. c3 bxa3 13. Nxa3 Qb6 14. Rb1 Be7 15. O-O a5 16. Nc2 a4 17. Bf2 Ba6 18. c4 {½-½ Piacun,E (2365)-Blake,M (2325) VW-Cup9 sf01 email 2018}) 12... cxd4 13. Nxd4 Nxd4 14. Bxd4 Bc5 15. Kh1 O-O 16. b3 Bxd4 17. Qxd4 Qc7 (17... bxa3 $11 18. Rxa3 Qb6 19. Qxb6 Rxb6) 18. axb4 $16 Qxc2 {[%emt 0:03:43] [#]} (18... f6 $142) 19. Nc3 $1 {[%emt 0:00:08][%cal Bb1c3,Bc3b5,Bb5d6][%mdl 32] b5 would be deadly.} Qg6 20. b5 (20. Bxa6 Bxa6 21. Rxa6 Qc2 $14) 20... axb5 21. Bd3 {[%emt 0:00:20] White is much more active. The black rooks are badly placed.} (21. Nxb5 $6 Qe4 22. Qxe4 dxe4 $11) (21. Bxb5 Qh5 $16) 21... f5 $2 (21... Qg4 $16) 22. Nxb5 $18 (22. Bxb5 Qh5 23. Bc6 Nb6 $16) 22... Nb6 {[%emt 0:02:43] Black is weak on the dark squares} 23. Nd6 Bd7 24. Ra7 Rfd8 25. Rc1 (25. Rb7 $142) 25... Qg4 26. h3 Qg3 27. b4 h5 28. Be2 h4 29. Bf3 Nc4 (29... Nc8 $142) 30. Nb7 (30. Nxc4 Rxb4 31. Rg1 (31. Bxd5 Bc6 $16 {[%mdl 64] Pin}) 31... Bc6 $18) 30... Re8 31. Nc5 Bc6 32. Rc7 (32. Rxc4 dxc4 33. Bxc6 Rxb4 $16) 32... Ba8 33. Bh5 Ne3 {[%emt 0:02:27][%csl Ge3][%cal Rg3g2] [#]} 34. Rg1 Rec8 35. Nxe6 Rxc7 36. Nxc7 Rc8 37. Bf3 $2 (37. Qb6 $18 {aiming for Qe6+.} Kh8 38. Bf3 Qxf4 39. Qd6) 37... Rxc7 $11 38. Qxe3 d4 $1 39. Qe1 (39. Qxd4 {leads to mate.} Bxf3 40. Qd8+ Kh7) 39... Bxf3 40. Qxg3 hxg3 41. gxf3 {[%emt 0:00:06][%cal Og1d1][%mdl 4160] Endgame Discovered Attack. KR-KR} Rc2 $2 (41... g5 $1 $11 {and Black is okay.}) 42. Rd1 $1 $18 (42. Rxg3 $2 {too greedy.} d3 43. Rg6 Rc1+ 44. Kh2 d2 $19) 42... Rc4 43. b5 Rb4 44. Kg2 Rxb5 45. Rxd4 (45. Kxg3 Rd5 46. Kf2 Kf7 $16) 45... Kf7 46. Kxg3 Rb1 47. Rd2 Rg1+ 48. Rg2 Rf1 49. Ra2 Rg1+ 50. Kh4 (50. Kf2 $142 Rc1 51. Ra7+ Kg6 52. Ra8) 50... Rf1 $2 (50... Ke8 51. Ra7 g6) 51. Ra7+ Kg6 52. Ra6+ Kf7 53. Kg5 Rxf3 54. Kxf5 Rxh3 55. Ra7+ Kf8 56. Ke6 Rh6+ 57. Kd7 Kf7 58. f5 Rh1 59. Kd6+ (59. e6+ Kf6 60. e7 Rd1+ 61. Ke8 Rh1 62. Ra6+ Kxf5 $18) 59... Kf8 60. Ra8+ Kf7 61. e6+ Kf6 62. Rf8+ Kg5 63. e7 Rd1+ 64. Kc5 Re1 65. e8=Q Re2 66. Qe6 Rxe6 67. Re8 $4 (67. fxe6 {is the narrow road to win.} Kh4 68. e7 g6 69. e8=Q Kg5 70. Qe2 Kh6 71. Qh2+ Kg5 72. Qf4+ Kh5 73. Rh8#) 67... Rxe8 {[%emt 0:01:04][%mdl 32768] What a bad dream for White. Excellently played by Plotkin!   Weighted Error Value: White=0.31/Black=0.47. Loss on time!?} 1-0

[Event "10th Cherry Blossom Classic 2023"]
[Site "Dulles"]
[Date "2023.05.29"]
[Round "9.13"]
[White "Kanli, Alperen"]
[Black "ADU, Oladapo"]
[Result "1/2-1/2"]
[ECO "D32"]
[WhiteElo "2111"]
[BlackElo "2081"]
[Annotator "TA"]
[PlyCount "36"]
[EventDate "2023.05.24"]
[EventType "swiss"]
[EventCountry "USA"]
[SourceTitle "playchess.com"]
[Source "ChessBase"]
[SourceQuality "1"]
[TimeControl "5400+30"]

1. d4 d5 2. c4 e6 3. Nc3 a6 4. cxd5 exd5 5. Bf4 Nf6 6. e3 c5 7. Nf3 Nc6 8. Be2 {[%emt 0:00:00] D32: Tarrasch Defence: Sidelines and lines without g3.} c4 {[%emt 0:00:51] now supersedes 8...Be7.} 9. Ne5 Bd6 {[%emt 0:00:51] [#]} 10. Bg3 $146 {[%emt 0:00:00] White is slightly better.} ({Predecessor:} 10. Nxc6 bxc6 11. Bxd6 Qxd6 12. O-O Bf5 13. b3 cxb3 14. axb3 a5 15. Qc1 h5 16. Qa3 {1-0 Yilmaz,M (2626)-Van Foreest,J (2691) FIDE Grand Swiss 2021 (5)}) 10... O-O 11. f4 ({White should try} 11. Nxc6 $11 bxc6 12. O-O) 11... Bb4 $15 12. Bh4 Qa5 13. Bxf6 (13. O-O $142) 13... gxf6 $17 {[%emt 0:05:22] Black is clearly better.} 14. Nxc6 Bxc3+ ({Worse is} 14... bxc6 15. Qc2 $11) 15. bxc3 Qxc3+ ({Don't play} 15... bxc6 $6 16. Qc2 $11) 16. Kf2 {[%emt 0:00:30] [#] Strongly threatening Ne7+.} bxc6 17. Rc1 Qa3 18. Qc2 (18. g4 $17 {is a better defense.}) 18... Re8 {[%emt 0:01:00] White did not feel at home in the position after the opening.   Weighted Error Value: White=0.34/Black=0.05 (flawless)} 1/2-1/2

[Event "10th Cherry Blossom Classic 2023"]
[Site "Dulles"]
[Date "2023.05.29"]
[Round "9.14"]
[White "Williams, Justus"]
[Black "Samuelson, Andrew"]
[Result "1-0"]
[ECO "E91"]
[WhiteElo "2396"]
[BlackElo "2019"]
[Annotator "TA"]
[PlyCount "73"]
[EventDate "2023.05.24"]
[EventType "swiss"]
[EventCountry "USA"]
[SourceTitle "playchess.com"]
[Source "ChessBase"]
[SourceQuality "1"]
[TimeControl "5400+30"]

1. Nf3 c5 2. c4 Nf6 3. Nc3 g6 4. e4 d6 5. d4 Bg7 6. Be2 O-O 7. dxc5 dxc5 8. Qxd8 Rxd8 9. Be3 {[%emt 0:01:19] [#] E91: King's Indian: Classical: 6 Be2, unusual replies including 6...c5 and 6...Bg4.} Na6 (9... b6 $1 $17) 10. a3 {[%emt 0:00:30] [#]} h6 $146 (10... b6 $11) ({Predecessor:} 10... Be6) 11. h3 {[%emt 0:00:16] White is slightly better.} (11. e5 $5 Ne8 12. Nd5 $14) 11... b6 12. e5 Nd7 13. e6 fxe6 14. Bd3 Bb7 15. Bxg6 Nf8 16. Bc2 Nc7 17. Bf4 Ne8 18. O-O Nd6 19. Bd3 Nf5 20. Rad1 Nd4 (20... Bxf3 $15 21. gxf3 Rd7) 21. Ne5 (21. Nxd4 {simplifies} cxd4 22. Ne4 e5 23. Bg3) 21... Nd7 22. Ng6 (22. Rfe1 {simplifies} Nxe5 23. Bxe5 Bxe5 24. Rxe5 Kf7 25. Kf1) 22... Kf7 23. Rfe1 (23. h4 $5) 23... Rg8 {[%emt 0:00:47] ...Bf6 is the strong threat.} 24. h4 h5 $1 {[%emt 0:01:01] ...Bf6 would be deadly.} 25. Bg3 Bf6 {[%emt 0:00:26] And now ...e5 would win.} 26. Nf4 e5 (26... Ne5 $15) 27. Nxh5 ({Better is} 27. Nfd5 $1 $14) 27... Bxh4 $1 $15 {[%emt 0:01:28][%cal Og8h8][%mdl 64] [#] Decoy} 28. Bxh4 (28. Be4 $1 $15 Bxe4 29. Rxe4) 28... Nf3+ $2 (28... Rxg2+ $17 29. Kf1 Rh2) 29. Kf1 $16 Nxh4 {[%emt 0:00:16][%mdl 8192] Black cannot hold the game after this.} (29... Nxe1 $16 {is more resistant.} 30. Kxe1 (30. Rxe1 $2 {is the wrong capture.} Bxg2+ 31. Ke2 Rh8 $19) 30... Bxg2) 30. Be4 $18 {[%emt 0:00:22] White is clearly winning.} Bxe4 31. Rxe4 Nxg2 32. Rxd7 Ke6 33. Rd5 Rg5 34. Ng3 Nf4 35. Rxf4 exf4 36. Rxg5 fxg3 37. Rxg3 {[%emt 0:00:15] Weighted Error Value: White=0.21 (precise) /Black=0.50} ({Much less strong is} 37. fxg3 Rd8 38. Nd5 Kf7 39. Rf5+ Ke6 $18) 1-0

[Event "10th Cherry Blossom Classic 2023"]
[Site "Dulles"]
[Date "2023.05.30"]
[Round "9.15"]
[White "Slate, Kent"]
[Black "Brady, Tyson"]
[Result "0-1"]
[ECO "B22"]
[WhiteElo "1989"]
[BlackElo "2092"]
[Annotator "TA"]
[PlyCount "76"]
[EventDate "2023.05.24"]
[EventType "swiss"]
[EventCountry "USA"]
[SourceTitle "playchess.com"]
[Source "ChessBase"]
[SourceQuality "1"]
[TimeControl "5400+30"]

1. e4 c5 2. c3 d5 3. exd5 Qxd5 4. Nf3 Nc6 5. Na3 Nf6 6. d4 e6 7. Be2 Be7 8. O-O O-O 9. Nb5 Qd8 10. dxc5 Bxc5 11. Bf4 Nd5 {[%emt 0:03:47] B22: Sicilian: 2 c3.} 12. Bg3 a6 13. c4 {[%emt 0:09:06] [#]} Nf6 $146 {[%emt 0:06:55][%cal Bd5f6,Bf6h5,Bh5g3][%mdl 32] The position is equal.} ({Predecessor:} 13... axb5 14. cxd5 exd5 15. Bxb5 Qb6 16. a4 Bg4 17. Qxd5 Rfd8 18. Qg5 Bxf3 19. gxf3 Nd4 {0-1 Bragin,S (2178)-Saprikin,V Tula-ch op 2001 (7)}) 14. Nd6 Nh5 15. Nxc8 {[%emt 0:02:54][%cal Og3d6] [#] And now Bd6! would win.} Nxg3 16. hxg3 Rxc8 17. a3 Qf6 (17... a5 {simplifies} 18. Qxd8 Rfxd8 19. Rfd1 Be7) 18. b4 Rfd8 19. Qb3 Nd4 20. Nxd4 (20. Qa2 $5 Nxe2+ 21. Qxe2 $11) 20... Bxd4 21. Rad1 {[%emt 0:05:30] White is weak on the dark squares} e5 22. Bf3 b5 (22... b6 $15) 23. c5 $11 Qg6 24. Bb7 Rc7 25. Qf3 Re7 26. c6 Qd6 27. Bxa6 e4 $1 28. Qf5 (28. Rxd4 $11 Qxd4 29. Qe3) 28... Qxc6 $15 (28... e3 $2 29. fxe3 Bxe3+ 30. Kh2 Qh6+ 31. Qh3 $18) 29. Bxb5 Qb6 30. Bc4 g6 31. Qg5 {[%emt 0:07:00] [#] This costs White the game.} ({White should play} 31. Qg4 $15) 31... Re5 $1 $19 (31... Bxf2+ 32. Kh2 Rde8 33. Qf4 $17) 32. Qg4 $2 (32. Qf4 {was the only defense.} Rf5 {[%mdl 64] Skewer} 33. Rxd4 (33. Qxe4 Bxf2+ 34. Kh2 Rh5+) 33... Rxf4 34. Rxd8+ Qxd8 35. gxf4) 32... e3 33. Rxd4 ({Much weaker is} 33. Bxf7+ Kg7 34. fxe3 Bxe3+ 35. Kh2 Qb5) (33. fxe3 $142 Bxe3+ 34. Kh2 Rh5+ 35. Qxh5 gxh5 36. Rxd8+ Qxd8 37. Rxf7) 33... Rxd4 (33... Qxd4 $2 {too greedy.} 34. Bxf7+ Kg7 35. Qxd4 Rxd4 36. Bb3 $19) 34. Bxf7+ Kg7 {[%emt 0:00:10] Black mates.} 35. Qf3 exf2+ 36. Qxf2 Rf5 {[%emt 0:00:10] Active counter play!} 37. Qb2 Rxf1+ 38. Kxf1 Qf6+ {[%emt 0:00:02] Weighted Error Value: White=0.56/Black=0.17 (very precise)} 0-1

[Event "10th Cherry Blossom Classic 2023"]
[Site "Dulles"]
[Date "2023.05.30"]
[Round "9.16"]
[White "Slade, Theodore"]
[Black "Ling, Evan"]
[Result "1-0"]
[ECO "E11"]
[WhiteElo "2021"]
[BlackElo "1952"]
[Annotator "RC"]
[PlyCount "67"]
[EventDate "2023.05.24"]
[EventType "swiss"]
[EventCountry "USA"]
[SourceTitle "playchess.com"]
[Source "ChessBase"]
[SourceQuality "1"]
[TimeControl "5400+30"]

1. d4 d5 2. c4 e6 3. Nf3 Nf6 4. g3 Bb4+ 5. Bd2 Be7 6. Bg2 c6 7. O-O Nbd7 8. Qc2 Ne4 9. Bf4 g5 10. Bc1 h5 11. Nc3 Nd6 12. cxd5 cxd5 13. e4 g4 14. Ne5 dxe4 15. Nxe4 Nf5 16. Rd1 Nb6 17. Nc3 Nd5 18. Nxd5 exd5 19. Qb3 Qb6 20. Qxb6 axb6 21. Bxd5 O-O 22. Bf4 Be6 23. Bxb7 Rxa2 24. Rxa2 Bxa2 25. d5 Bd6 26. Nd7 Rd8 27. Nf6+ Kf8 28. Bxd6+ Nxd6 29. Bc6 Nc4 30. b4 Ne5 31. b5 Ke7 32. Nxh5 Rh8 33. d6+ Kd8 34. Nf4 1-0

[Event "10th Cherry Blossom Classic 2023"]
[Site "Dulles"]
[Date "2023.05.30"]
[Round "9.17"]
[White "Diao, Matthew Guo"]
[Black "Su, Kevin"]
[Result "0-1"]
[ECO "E61"]
[WhiteElo "1973"]
[BlackElo "2038"]
[Annotator "TA"]
[PlyCount "78"]
[EventDate "2023.05.24"]
[EventType "swiss"]
[EventCountry "USA"]
[SourceTitle "playchess.com"]
[Source "ChessBase"]
[SourceQuality "1"]
[TimeControl "5400+30"]

1. d4 Nf6 2. c4 g6 3. Nc3 Bg7 4. Nf3 O-O 5. Bg5 d6 6. e3 c5 7. d5 h6 8. Bh4 a6 (8... g5 $5 9. Bg3 Bf5 $11) 9. a4 {[%emt 0:05:30] E61: King's Indian: Early deviations for White, including Smyslov System.} e5 {[%emt 0:05:15] [#] was the old line (9...g5).} (9... g5 $5 10. Bg3 Qa5 $11) 10. dxe6 $146 (10. Nd2 $14) ({Predecessor:} 10. Bd3 Qe8 11. Nd2 Nh7 12. f3 f5 13. a5 Nd7 14. e4 f4 15. Bf2 Bf6 16. Na4 Qd8 {1-0 Danielian,E (2415)-Rapport,J (2327) EU-chT (Women) 21st 2017 (3.1)}) 10... Bxe6 $11 11. Qd2 (11. Be2 $11) 11... Nc6 $15 12. Rd1 Qb6 13. Be2 Rad8 14. O-O g5 15. Bg3 d5 16. cxd5 Nxd5 17. Qc2 Ncb4 18. Nxd5 $1 Rxd5 19. Qb1 Rfd8 $36 {[%emt 0:01:47][%mdl 2048] aiming for ...g4. White is under pressure.} 20. Rxd5 Rxd5 21. Bc4 (21. h3 $11) 21... Rd8 22. a5 Qc6 (22... Qxa5 23. Bxe6 fxe6 24. Qg6 $16) 23. Bxe6 Qxe6 24. Rd1 Rxd1+ 25. Qxd1 Bxb2 {[%emt 0:00:10] Black is more active.} 26. Qd8+ {[%emt 0:00:53] [#]} (26. h4 $17 g4 27. Nd2) 26... Kg7 $1 $19 (26... Kh7 27. Qc7 $15) 27. Bd6 Qf5 ({Inferior is} 27... Nc6 28. Bf8+ (28. Qf8+ $2 Kh7 $17) 28... Kh7 29. Qb6 $15) (27... g4 $17 28. Bf8+ (28. Bxc5 $2 gxf3 29. gxf3 Qg6+ 30. Kf1 Qd3+ 31. Qxd3 Nxd3 $19) 28... Kh7) 28. h3 $11 Kh7 29. Qb6 Nd3 (29... Qb1+ $11 30. Kh2 Nd3) 30. Qxb7 $16 c4 $2 (30... Bc3 $16 {was called for.}) 31. e4 $2 (31. Qxa6 $18 Qe6 32. Qb6) 31... Qe6 $11 32. Qc6 c3 {[%emt 0:01:48] Hoping for ...Nb4.} (32... Ne5 {simplifies} 33. Qc5 Nxf3+ 34. gxf3 Bf6) 33. Nd4 $2 (33. e5 $11) 33... Qf6 $1 $19 34. Nf5 $2 (34. Qd5 Qxf2+ 35. Kh1) 34... Nb4 {[%emt 0:00:08][%mdl 64] Pin} 35. Qe8 c2 36. Bxb4 c1=Q+ {[%emt 0:00:08] Black mates.} 37. Kh2 Qf4+ 38. Kg1 {[%emt 0:00:33] [#]} Ba3 $1 39. Bc3 Qc1+ {[%emt 0:00:09] Weighted Error Value: White=0.94/Black=0.25 (precise)} ({And not} 39... Qxc3 40. Qxf7+ Kh8 41. Qe8+ Kh7 42. Qf7+ Kh8 43. Qe8+ Kh7 44. Qf7+ $11) 0-1

[Event "10th Cherry Blossom Classic 2023"]
[Site "Dulles"]
[Date "2023.05.30"]
[Round "9.18"]
[White "Ouellet, Maili-Jade"]
[Black "Shoykhet, Benjamin"]
[Result "1-0"]
[ECO "D20"]
[WhiteElo "2246"]
[BlackElo "1919"]
[Annotator "TA"]
[PlyCount "117"]
[EventDate "2023.05.24"]
[EventType "swiss"]
[EventCountry "USA"]
[SourceTitle "playchess.com"]
[Source "ChessBase"]
[SourceQuality "1"]
[TimeControl "5400+30"]

1. d4 d5 2. c4 dxc4 3. e4 e5 4. Nf3 Bb4+ 5. Nc3 exd4 6. Nxd4 Ne7 {[%emt 0:00:24] 6...Nd7 is more fashionable. D20: Queen's Gambit Accepted: 3 e3 and 3 e4.} 7. Bxc4 O-O 8. O-O a6 {[%emt 0:00:26] [#] White is slightly better.} 9. Be3 $146 ({Predecessor:} 9. Bg5 Qd7 10. Qb3 Bxc3 11. Qxc3 Nbc6 12. Nf3 Qe8 13. Rfe1 Ng6 14. Be3 Nge7 15. Bf4 {1-0 Karason,A (2270)-Pozimski,S (2019) EU-ch 21st Reykjavik 2021 (4)}) 9... b5 10. Be2 Bb7 11. Qc2 (11. a4 $5 ) 11... c5 12. Nb3 c4 13. Nc5 Bxc5 14. Bxc5 Qc7 15. Be3 {[%emt 0:05:59] This pair of bishops is nice.} Nd7 16. Rac1 Nc5 {[%emt 0:02:00] [#]} (16... Rac8 $11) 17. b4 (17. b3 $1 $16) 17... Ne6 $11 18. Rfd1 Rfd8 19. a4 Qe5 20. Bf1 Nc6 {[%emt 0:04:45] Hoping for ...Ncd4.} 21. Nd5 {[%emt 0:15:43] next f4 is good for White.} Ncd4 (21... f5 $5 ) 22. Bxd4 Nxd4 23. Qc3 Nc6 (23... Qxe4 $2 24. Rxd4 (24. Qxd4 $2 {is the wrong capture.} Qxd4 25. Rxd4 Rxd5 $17) 24... Qe5 25. Re1 $18) 24. axb5 axb5 25. Qxe5 Nxe5 26. Nc7 Rxd1 27. Rxd1 Rb8 28. Nxb5 Bxe4 29. Nd6 Bd3 30. b5 g5 31. Rc1 (31. f3 $11 {is more appropriate.}) 31... Rd8 $1 $15 32. f4 $1 (32. Nxc4 $2 {too greedy.} Bxc4 33. Rxc4 Nxc4 34. Bxc4 Rd1+ 35. Bf1 f5 $19) 32... gxf4 (32... Rxd6 $15 {was preferrable.} 33. fxe5 Rb6) 33. Nxc4 $11 Rc8 $2 {[%emt 0:07:08][%mdl 8192] White stays focused until the end.} (33... Bxf1 $11 {and Black stays safe.} 34. Kxf1 (34. Nxe5 Bxb5 35. Rb1 Ba6 $15) 34... Rc8) 34. Nxe5 $18 {[%emt 0:00:46][%mdl 64] Discovered Attack} Rxc1 35. Nxd3 Rb1 36. Nxf4 {[%emt 0:00:12] Kf2 would be deadly.} Kf8 (36... Kg7 {is a better defense.} 37. Kf2 Kf6) 37. Kf2 Ke7 38. Bd3 Rb2+ 39. Kf3 Kd6 40. h4 h6 41. Kg4 Ke5 42. g3 Kf6 43. Bc4 Rc2 44. Bd5 {[%emt 0:00:33] aiming for b6.} Rb2 45. Bc6 {[%emt 0:00:05][%cal Ob5b6] b6! is the strong threat.} Rb3 {[%emt 0:00:07] [#]} 46. b6 $1 Ke7 (46... Rb4 47. Kh5) 47. b7 Kd6 48. Bd5 Rb6 49. Kf5 Kc7 50. Be4 {[%emt 0:00:40] Intending Nd5+ and mate.} Rd6 51. Nd3 (51. g4 $142 Rd4 52. h5) 51... Rg6 52. Nc5 (52. Nb4 $142 Rd6 53. Bc6 Rd8 54. Na6+ Kd6 55. b8=Q+ Rxb8 56. Nxb8 Kc7 57. Bd5) 52... Rb6 {[%emt 0:00:15] [#]} 53. b8=Q+ $1 {[%emt 0:00:26][%mdl 64] Decoy. White mates.} Kxb8 54. Nd7+ Kc7 55. Nxb6 Kxb6 56. Kf6 Kc5 57. Kxf7 Kd4 58. Bf3 Ke3 59. Bd1 {[%emt 0:00:05] Weighted Error Value: White=0.07 (flawless) /Black=0.35} 1-0